 Dungeon Crawl Stone Soup version 0.29-a0-1043-g569b05d6ff (webtiles) character file.

Game seed: 8395889030170249481

1 drugrobin the Sneak (level 1, -4/18 HPs)
             Began as a Demigod Delver on Aug 15, 2022.
             Slain by an ogre
             ... wielding a +0 giant club
              (22 damage)
             ... on level 4 of the Dungeon.
             The game lasted 00:01:27 (307 turns).

drugrobin the Sneak (Demigod Delver)                 Turns: 307, Time: 00:01:28

Health: -4/18      AC:  3    Str: 13    XL:     1   Next: 13%
Magic:  3/3        EV: 12    Int: 12    God:
Gold:   0          SH:  0    Dex: 15    Spells: 0/0 levels left

rFire   . . .      SeeInvis .   a - +0 hand axe
rCold   . . .      Faith    .   (no shield)
rNeg    . . .      Spirit   .   b - +0 leather armour
rPois   .          Reflect  .   (no helmet)
rElec   .          Harm     .   (no cloak)
rCorr   .          Rampage  .   (no gloves)
Will    .....                   (no boots)
Stlth   +++.......              (no amulet)
HPRegen 0.06/turn               (no ring)
MPRegen 0.08/turn               (no ring)

@: no status effects
A: high MP 1, forlorn, divine attributes
a: no special abilities


You were on level 4 of the Dungeon.
You visited 1 branch of the dungeon, and saw 3 of its levels.

Inventory:

Hand Weapons
 a - a +0 hand axe (weapon)
Armour
 b - a +0 leather armour (worn)
Wands
 g - a wand of digging (3)
Scrolls
 c - a scroll of fog
 d - a scroll of magic mapping
 e - a scroll of fear
 h - a scroll of amnesia {unknown}
Potions
 f - a potion of haste


   Skills:
 + Level 2.7 Fighting
 + Level 1.8 Axes
 + Level 1.8 Dodging
 + Level 4.5 Stealth


You couldn't memorise any spells.
You didn't know any spells.
Your spell library was empty.

Dungeon Overview and Level Annotations

Branches:
Dungeon (6/15)
 Temple: D:4-7

Shops:
D:6 *

Annotations:
D:5 Eustachio


Innate Abilities, Weirdness & Mutations

You have an increased reservoir of magic. (+10% MP)
You shall have no god before yourself.
Your divine heritage dramatically boosts your attributes as you level up.


Message History

The ball python constricts you.
You hit the ball python.
You kill the ball python!
Unknown command.
You start resting.
A scorpion comes into view.
Unknown command.
There is a stone staircase leading down here.
You climb downwards.
Level annotation: Eustachio
There is a stone staircase leading up here.
You start resting.
HP restored.
You climb upwards.
There is a stone staircase leading down here.
Unknown command.
There is a stone staircase leading down here.
Unknown command.
There is a stone staircase leading down here.
You climb downwards.
Level annotation: Eustachio
There is a stone staircase leading up here.
Unknown command.
There is an open door here.
There is a stone staircase leading down here.
Found a scimitar.
Found a scroll labelled TASTIO TUR TAD.
Unknown command.
Your library has no spells.
Unknown command.
There is a stone staircase leading up here.
You climb upwards.
There is a stone staircase leading down here.
Unknown command.
There is a stone staircase leading down here.
Unknown command.
Unknown command.
The ogre hits you with a +0 giant club!!
Ouch! That really hurt!
You die...

#. #.. ...# #K##.#
#.. .# #..#.# #.# .#
#.#.## ######.#### .#
#.?#.###.........# .#
#.###....####.##.# .#
#..#.##### #.##.# .#
#S#.#########.##.##.#
.O#.@O........##....#
###.###############.#
#.# .# .........# .#
.##.#...#.# .#
..#..##.# .# #.....O
.# .# ##.#... # .#
....O


You could see an ogre.

Vanquished Creatures
  A ball python (D:4)
1 creature vanquished.

Notes
Turn   | Place    | Note
-------+----------+-------------------------------------------
     0 | D:5      | drugrobin the Demigod Delver began the quest for the Orb.
     0 | D:5      | Reached XP level 1. HP: 18/18 MP: 3/3
     0 | D:5      | Noticed Eustachio
     9 | D:6      | Noticed a scorpion
     9 | D:6      | Found Xasi Ydo's Assorted Antiques.
    59 | D:4      | Noticed an ogre
   110 | D:4      | Noticed a scorpion
   307 | D:4      | Slain by an ogre

Illustrated notes

Levels and vault maps discovered:
D:4:      layout_loops_ring, marbit_many_paths, reono_crystal_passage,
          hangedman_decor_lopped, dreamdust_mushroom_princess,
          minmay_fire_ice_demons
D:5:      layout_gridville, hangedman_decor_opposing, uniq_sigmund,
          uniq_eustachio, uniq_ijyb
D:6:      layout_basic, minitemple, minmay_temple_entry_overgrown, serial_shops,
          nicolae_shop_hallway_stairs, dreamdust_wishing_well

Action                   || total
-------------------------++-------
Melee: Hand axe          ||    10
Armor: Leather armour    ||     7
Dodge: Dodged            ||     4

Table legend: (Time is in decaauts)
 A = Elapsed time spent in this place.
 B = Non-inter-level travel time spent in this place.
 C = Inter-level travel time spent in this place.
 D = Time resting spent in this place.
 E = Time spent auto-exploring this place.
 F = Levels seen in this place.
 G = Mean time per level.
                   A        B        C        D        E       F      G
               +--------+--------+--------+--------+--------+-----+--------+
         Total |    311 |    311 |      0 |    137 |      0 |   3 |  103.7 |
       Dungeon |    311 |    311 |      0 |    137 |      0 |   3 |  103.7 |
               +--------+--------+--------+--------+--------+-----+--------+

Top non-repeatable levels by time:
     D:5: 164 daAuts
     D:4: 138 daAuts
     D:6: 9 daAuts
